 Dungeon Crawl Stone Soup version 0.24-a0-274-gb3763e6d51 (webtiles) character file.

Game seed: 2569699530301504066

439 JellyEater the Digger (level 7, 0/36 HPs)
             Began as a Gargoyle Earth Elementalist on Apr 26, 2019.
             Slain by an ogre
             ... wielding a cursed -3 giant spiked club
              (15 damage)
             ... on level 4 of the Dungeon.
             The game lasted 00:11:23 (4318 turns).

JellyEater the Digger (Gargoyle Earth Elementalist) Turns: 4318, Time: 00:11:23

Health: 0/36       AC: 11    Str: 11    XL:     7   Next: 1%
Magic:  2/13       EV: 12    Int: 18    God:
Gold:   187        SH:  0    Dex: 10    Spells: 5/14 levels left

rFire    . . .     SeeInvis .   g - +1 mace (crush)
rCold    . . .     Gourm    .   (no shield)
rNeg     + . .     Faith    .   c - +0 robe
rPois    ∞         Spirit   .   j - +0 helmet
rElec    +         Reflect  .   l - +0 cloak
rCorr    .         Harm     .   e - +0 pair of gloves
MR       .....                  n - +1 pair of boots
Stlth    ++........             (no amulet)
HPRegen  0.12/turn              (no ring)
MPRegen  0.13/turn              (no ring)

@: very slightly contaminated
A: negative energy resistance 1, electricity resistance, unbreathing,
petrification resistance, rot immunity, AC +4
a: no special abilities


You were on level 4 of the Dungeon.
You were not hungry.

You visited 1 branch of the dungeon, and saw 4 of its levels.

You collected 187 gold pieces.

Inventory:

Hand Weapons
 g - a +1 mace of crushing (weapon)
Missiles
 b - 110 stones (quivered)
Armour
 c - a +0 robe (worn)
 e - a +0 pair of gloves (worn)
 j - a +0 helmet (worn)
 l - a +0 cloak (worn)
 n - a +1 pair of boots (worn)
Jewellery
 a - an uncursed ring of ice
Scrolls
 f - 2 scrolls of remove curse
 i - 7 scrolls of identify
 o - a scroll of teleportation
Potions
 k - 2 potions of curing
 m - a potion of lignification
Comestibles
 d - 5 rations


   Skills:
 - Level 1.5 Dodging
 - Level 2.1 Stealth
 + Level 4.2 Spellcasting
 + Level 3.8 Conjurations
   Level 0.7 Transmutations
 + Level 6.1 Earth Magic


You had 5 spell levels left.
You knew the following spells:

 Your Spells              Type           Power        Failure   Level  Hunger
a - Sandblast             Erth           ####..       1%          1    None
b - Stone Arrow           Conj/Erth      ###...       5%          3    ###....
c - Lee's Rapid Deconstr  Erth           ####......   32%         5    ######.

Your spell library contained the following spells:

 Spells                   Type           Power        Failure   Level  Hunger
 Passwall                 Tmut/Erth      ###.....     5%          2    ##.....
 Petrify                  Tmut/Erth      ###.....     34%         4    ####...


Dungeon Overview and Level Annotations

Branches:
Dungeon (4/15)
 Temple: D:4-7

Altars:
Dithmenos
Kikubaaqudgha
Qazlal
Ru
Sif Muna
Trog
Uskayaw


Innate Abilities, Weirdness & Mutations

You are resistant to torment.
Your stone body is resilient. (AC +4)
You are immune to poison.
You resist negative energy. (rN+)
You are resistant to electric shocks. (rElec)
You can survive without breathing.
You are immune to petrification.
You are immune to rotting.


Message History

Confirm with . or Enter, or press ? or * to list all spells.
Aiming: Sandblast (safe; 1% risk of failure)
Press: ? - help, Shift-Dir - straight line, f/p - hound
Aim: a hound (lightly wounded)
The blast of sand hits the hound!
The hound is heavily wounded.
b - 111 stones The hound bites you but does no damage.
The ogre barely misses you. The hound bites you but does no damage.
Casting: Sandblast (safe; 1% risk of failure)
Confirm with . or Enter, or press ? or * to list all spells.
Aiming: Sandblast (safe; 1% risk of failure)
Press: ? - help, Shift-Dir - straight line, f/p - hound
Aim: a hound (heavily wounded)
The blast of sand hits the hound!
You kill the hound!
You have reached level 7!
b - 110 stones The ogre hits you with a cursed -3 giant spiked club!
You die...

...##. ##.###(.... ......#
.....#..... .....##
#........
......#######....<...
#..<..............
#....#######......
###.......#####.....
#..†O#......###.....
####...>#@.####.....#.....
....%####).## ##.##.##...#
.....###)...# #..#......#
......#.)##...###........#
......$.## ##..#######...#
......(.# #..# #..[#
........%.# #.. ###.#
......#....# #. .#
.(....###.... .#


You could see an ogre.

Vanquished Creatures
  Sigmund (D:2)
  A hound (D:4)
  An orc wizard (D:4)
  Terence (D:2)
  3 gnolls
  5 adders
  A howler monkey skeleton (D:2)
  2 oozes
  5 worms
  3 dart slugs
  2 leopard geckos (D:1)
  8 orcs
  7 giant cockroaches
  11 goblins
  11 hobgoblins
  11 jackals
  4 kobolds
  A quokka (D:3)
  6 bats
  2 frilled lizards
  3 rats
89 creatures vanquished.

Notes
Turn   | Place    | Note
-------+----------+-------------------------------------------
     0 | D:1      | JellyEater the Gargoyle Earth Elementalist began the quest
                  | for the Orb.
     0 | D:1      | Reached XP level 1. HP: 10/10 MP: 3/3
   144 | D:1      | Reached skill level 4 in Earth Magic
   144 | D:1      | Reached XP level 2. HP: 6/15 MP: 1/5
   859 | D:1      | Reached XP level 3. HP: 18/19 MP: 6/6
   864 | D:1      | Learned a level 3 spell: Stone Arrow
  1392 | D:1      | Reached skill level 1 in Conjurations
  1680 | D:2      | Noticed Terence
  1704 | D:1      | Reached XP level 4. HP: 12/24 MP: 4/8
  1871 | D:2      | Killed Terence
  2018 | D:2      | Reached skill level 5 in Earth Magic
  2052 | D:2      | Reached XP level 5. HP: 28/28 MP: 7/9
  2059 | D:2      | Learned a level 5 spell: Lee's Rapid Deconstruction
  2451 | D:2      | Found an ancient bone altar of Kikubaaqudgha.
  2479 | D:2      | Noticed Sigmund
  2716 | D:2      | Killed Sigmund
  2716 | D:2      | Reached XP level 6. HP: 11/32 MP: 3/11
  3429 | D:3      | Found a sacrificial altar of Ru.
  3538 | D:3      | Found a stormy altar of Qazlal.
  3543 | D:3      | Found a deep blue altar of Sif Muna.
  3544 | D:3      | Found a hide-covered altar of Uskayaw.
  3545 | D:3      | Found a shadowy altar of Dithmenos.
  3547 | D:3      | Found a bloodstained altar of Trog.
  4298 | D:4      | Reached skill level 6 in Earth Magic
  4318 | D:4      | Reached XP level 7. HP: 15/36 MP: 2/13
  4318 | D:4      | Slain by an ogre

Levels and vault maps discovered:
D:1:      lemuel_arrival_funnel, layout_basic, corexii_corridor_pit
D:2:      kennysheep_six_static_rooms, layout_rooms,
          lemuel_coloured_pillars_altar, guppyfry_early_orc_mine, uniq_sigmund,
          uniq_terence
D:3:      layout_basic, nicolae_ru_sacrificial_ziggurat, minitemple
D:4:      gammafunk_steamed_eel, layout_rooms, first_ration,
          uniq_crazy_yiuf_cottage, uniq_menkaure

Skill      XL: |  1  2  3  4  5  6 |
---------------+-------------------+-----
Earth Magic    | 4 5 6 |  6.1
Conjurations   | 1 2 3 |  3.8
Spellcasting   | 3 4 |  4.2
Dodging        | |  1.5
Stealth        | |  2.1
Transmutations | |  0.7

Action                   |  1- 3 |  4- 6 |  7- 9 || total
-------------------------+-------+-------+-------++-------
Melee: Club              |     7 |       |       ||     7
       Mace              |    68 |   125 |       ||   193
 Cast: Sandblast         |    20 |    53 |     1 ||    74
       Stone Arrow       |     2 |     3 |       ||     5
  Use: Scroll            |     2 |    10 |       ||    12
       Potion            |       |     1 |       ||     1
 Stab: Sleeping          |     1 |     3 |       ||     4
  Eat: Chunk             |     3 |     9 |       ||    12
Armor: Robe              |    47 |    82 |       ||   129
Dodge: Dodged            |    82 |   130 |       ||   212

Table legend:
 A = Non-vault XP
 B = Vault XP
 C = Vault XP percentage of total XP
 D = Non-vault monster count
 E = Vault monster count
 F = Vault count percentage of total count
                 A         B        C        D         E       F
            +---------+---------+-------+---------+---------+-------
      Total |     355 |     273 |  43.5 |      74 |      15 |  16.9
            +---------+---------+-------+---------+---------+-------
        D:1 |      81 |       0 |   0.0 |      27 |       0 |   0.0
        D:2 |      89 |     273 |  75.4 |      14 |      15 |  51.7
        D:3 |      80 |       0 |   0.0 |      25 |       0 |   0.0
        D:4 |     105 |       0 |   0.0 |       8 |       0 |   0.0
            +---------+---------+-------+---------+---------+-------
